Map: Frozen Temple

Players

Nickos - Winner!

  • Race: Terran Terran
  • League: Gold

Zergywergy

  • Race: Zerg Zerg
  • League: Gold

VOD

Have the link to the VOD?

Description

Time

  • Played on: Sept. 26, 2016, 7:53 a.m.
  • Length: 9:10
Show
View Real Time Build Order
Export as new Build Order

Nickos Terran - Winner!

Build Orders: MMM Bio 

Get SALT Encoding   

  12  0:00  SCV  
  13  0:13  SCV  
  14  0:18  Supply Depot  
  14  0:25  SCV  
  15  0:39  SCV  
  15  0:40  Barracks  
  16  0:51  SCV  
  17  1:04  SCV  
  18  1:16  SCV  
  19  1:22  Command Center  
  19  1:32  Orbital Command  
  19  1:35  Marine  
  20  1:48  Supply Depot  
  20  1:56  Barracks  
  20  1:58  SCV  
  21  2:11  SCV  
  21  2:12  Marine  
  23  2:17  Barracks  
  23  2:19  Refinery  
  23  2:24  Refinery, SCV  
  24  2:35  Bunker  
  24  2:39  Orbital Command  
  24  2:43  SCV  
  25  2:44  Marine  
  26  2:56  Marine  
  26  3:21  Barracks Tech Lab  
  28  3:29  Barracks Reactor  
  28  3:30  Barracks Reactor  
  26  3:36  SCV  
  26  3:37  SCV  
  28  3:41  Marine  
  28  3:45  Factory  
  29  3:48  SCV  
  29  3:49  SCV  
  31  3:56  Barracks  
  31  3:57  Barracks  
  31  3:59  Stimpack  
  31  4:00  SCV  
  31  4:02  SCV  
  33  4:21  Marine x2  
  33  4:22  Marine x2  
  33  4:23  Marauder  
  39  4:26  SCV x2  
  41  4:38  SCV  
  42  4:42  Factory Reactor  
  42  4:44  Supply Depot  
  42  4:45  Starport, SCV  
  43  4:49  Barracks Tech Lab  
  43  4:50  SCV  
  44  4:56  Barracks Reactor, Marine x2  
  46  5:05  SCV x2, Marine x2  
  46  5:06  Marauder  
  52  5:09  Supply Depot  
  52  5:10  Supply Depot  
  52  5:13  Engineering Bay  
  52  5:14  Engineering Bay, Marine x2  
  54  5:30  Marine x3  
  54  5:31  Marauder, SCV x2  
  54  5:32  Marine  
  54  5:33  Marine x3  
  65  5:37  Supply Depot  
  65  5:43  SCV  
  65  5:44  Supply Depot  
  65  5:45  Medivac x2  
  70  5:58  Marine x6  
  70  5:59  Combat Shields, Marauder  
  70  6:01  Refinery  
  78  6:06  SCV x2  
  78  6:09  Terran Infantry Weapons Level 1  
  80  6:18  SCV x2  
  82  6:26  Refinery  
  82  6:29  Liberator, Marine x4  
  86  6:34  Supply Depot  
  86  6:35  Marine  
  86  6:38  Supply Depot  
  86  6:39  Command Center  
  87  6:45  Marine x2  
  92  6:49  SCV  
  92  6:53  Marine  
  94  6:56  Marine  
  94  6:57  Medivac  
  96  7:04  Marine x3  
  96  7:05  Marine x2  
  96  7:06  SCV  
  102  7:11  Terran Infantry Armor Level 1  
  87  7:27  Marine x2  
  87  7:28  Marine x4  
  90  7:42  Marine x2  
  90  7:43  Medivac  
  90  7:44  Medivac  
  90  7:47  Marine x3  
  90  7:48  Marine x3  
  96  7:59  SCV x2  
  96  8:00  Orbital Command, Marine x2  
  96  8:05  Marine  
  101  8:11  Marine x3  
  101  8:12  Marine x2  
  106  8:13  Medivac  
  106  8:18  Marauder, SCV x2  
  112  8:23  Armory  
  112  8:29  Supply Depot  
  112  8:30  SCV  
  112  8:31  Marine x2  
  112  8:33  Marine  
  116  8:37  Marine  
  116  8:38  Marine x3  
Show
View Real Time Build Order
Export as new Build Order

Zergywergy Zerg 

Build Orders: Hatch First 

Get SALT Encoding   

  12  0:01  Drone  
  13  0:11  Drone  
  14  0:17  Overlord  
  14  0:24  Drone, Extractor  
  15  0:38  Drone  
  15  0:39  Drone  
  17  0:51  Drone  
  18  0:59  Hatchery  
  17  1:05  Extractor  
  16  1:13  Spawning Pool  
  15  1:19  Drone  
  15  1:20  Drone  
  17  1:30  Drone  
  18  2:05  Zergling x6  
  21  2:11  Zergling x2  
  21  2:14  Queen  
  24  2:21  Roach Warren  
  23  2:34  Drone x4  
  27  2:38  Overlord  
  27  2:59  Queen  
  27  3:01  Drone  
  27  3:02  Drone x3  
  33  3:09  Overlord  
  33  3:13  Lair  
  29  3:38  Evolution Chamber  
  28  3:42  Spore Crawler  
  28  3:46  Spore Crawler, Drone x7  
  33  3:53  Roach  
  35  4:04  Zerg Ground Armor Level 1  
  35  4:05  Drone x2  
  37  4:11  Glial Reconstitution  
  37  4:12  Queen  
  39  4:19  Overlord  
  39  4:26  Overlord  
  39  4:40  Hatchery  
  39  4:41  Roach x3  
  44  4:48  Overlord  
  44  5:06  Roach  
  54  5:07  Roach x4  
  54  5:08  Drone  
  55  5:16  Extractor  
  54  5:27  Roach  
  54  5:28  Roach  
  58  5:30  Drone  
  58  5:31  Drone  
  58  5:33  Overlord x4  
  60  5:53  Drone x4  
  64  6:00  Ravager x2  
  66  6:06  Extractor x2  
  64  6:13  Drone x2, Overlord  
  64  6:14  Overlord  
  66  6:29  Roach x6  
  78  6:33  Hatchery  
  78  6:35  Spore Crawler  
  78  6:36  Drone x4  
  80  6:48  Ravager  
  81  7:00  Zerg Missile Weapons Level 1  
  81  7:11  Drone x4  
  81  7:12  Drone x3  
  88  7:22  Roach x3  
  83  7:23  Roach x4  
  85  7:47  Queen x2  
  89  7:53  Spore Crawler  
  89  7:54  Spine Crawler  
  89  7:57  Spine Crawler  
  86  8:03  Ravager x2  
  88  8:09  Ravager x2  
  90  8:14  Spine Crawler  
  90  8:18  Evolution Chamber  
  88  8:25  Hydralisk Den  
  87  8:31  Drone x12  
  99  8:46  Extractor  
  99  8:48  Extractor  
Tags
 
Composition
MMM Bio
League
GoldGold
Matchup
TvZ
Replay Pack
Nickos replay
Add a new tag
Caveats
  • Supply blocks, unpowered buildings, or Contaminate may cause inaccurate times.
  • Supply counts are checked every 10 seconds.